 Dungeon Crawl Stone Soup version 0.30-a0-591-g3c58d2bc28 (webtiles) character file.

Game seed: 8937782128124692416

39 OTABOTABOTAB the Trooper (level 3, 0/20 HPs)
             Began as a Vine Stalker Fighter on Jan 4, 2023.
             Frozen to death by an endoplasm (4 damage)
             ... on level 2 of the Dungeon.
             The game lasted 00:00:46 (643 turns).

OTABOTABOTAB the Trooper (Vine Stalker Fighter)      Turns: 643, Time: 00:00:47

Health: 0/20       AC:  6    Str: 20    XL:     3   Next: 47%
Magic:  0/4        EV:  9    Int:  8    God:
Gold:   30         SH:  4    Dex: 13    Spells: 2/2 levels left

rFire   . . .      SeeInvis .    a - +0 rapier
rCold   . . .      Faith    .    c - +0 buckler
rNeg    . . .      Spirit   +    b - +0 scale mail
rPois   .          Reflect  .    (no helmet)
rElec   .          Harm     .    (no cloak)
rCorr   .          Rampage  .    (no gloves)
Will    .....                    (no boots) Stlth
                                 (no amulet)
HPRegen 0.23/turn                (no ring)
MPRegen 0.09/turn                (no ring)

@: no status effects
A: fangs 2, magic shield, antimagic bite, no potion heal 2
a: no special abilities


You were on level 2 of the Dungeon.
You visited 1 branch of the dungeon, and saw 2 of its levels.

You collected 30 gold pieces.

Inventory:

Hand Weapons
 a - a +0 rapier (weapon)
Missiles
 f - 4 poisoned darts
Armour
 b - a +0 scale mail (worn)
 c - a +0 buckler (worn)
Scrolls
 e - 2 scrolls of vulnerability {unknown}
 h - a scroll of amnesia {unknown}
 i - a scroll of teleportation {unknown}
 j - a scroll of immolation {unknown}
 k - 2 scrolls of silence {unknown}
Potions
 d - a potion of attraction {unknown}
 g - 2 potions of curing {unknown}
 l - a potion of berserk rage {unknown}
 m - a potion of degeneration {unknown}
 M - a potion of might


   Skills:
 + Level 3.0 Fighting
 * Level 2.5 Short Blades
 + Level 2.7 Armour
 + Level 3.0 Shields


You had 2 spell levels left.
You didn't know any spells.
Your spell library was empty.

Dungeon Overview and Level Annotations

Branches:
Dungeon (2/15)

Altars:

Annotations:
D:2 Terence


Innate Abilities, Weirdness & Mutations

You have extremely sharp teeth.
When hurt, damage is shared between your health and your magic reserves.
Your bite disrupts and absorbs the magic of your enemies.
Potions cannot restore your health.


Message History

(D) Dungeon
Where to? (? - help)
There is a stone staircase leading down here.
You climb downwards.
There is a stone staircase leading up here.
Search for what [? for help]? altar Unknown command.
A hobgoblin comes into view.
The hobgoblin shouts!
You hear an angry hiss.
An adder comes into view.
There are monsters nearby!
There are monsters nearby!
You hit the adder. You bite the adder, but do no damage.
The adder closely misses you.
You closely miss the adder. You bite the adder.
You kill the adder!
Your Fighting skill increases to level 3!
Your Shields skill increases to level 3!
Health restored: 20 You closely miss the hobgoblin.
The hobgoblin hits you but does no damage.
Unknown command.
You hit the hobgoblin but do no damage. The hobgoblin closely misses you.
You barely miss the hobgoblin. You bite the hobgoblin. You drain its power.
You block the hobgoblin's attack.
You hit the hobgoblin but do no damage. Your bite misses the hobgoblin.
You block the hobgoblin's attack.
Unknown command.
You closely miss the hobgoblin. Your bite misses the hobgoblin.
The hobgoblin hits you but does no damage.
You hit the hobgoblin. Your bite misses the hobgoblin.
The hobgoblin hits you but does no damage.
You barely miss the hobgoblin. Your bite misses the hobgoblin.
The hobgoblin hits you but does no damage. x2
Unknown command.
You hit the hobgoblin.
You kill the hobgoblin!
No target in view!
You see here a hobgoblin corpse.
You see here a hobgoblin corpse.
You see here an adder corpse.
Found a stone staircase leading down.
m - a dark potion
There is a stone staircase leading down here.
A giant cockroach comes into view.
The giant cockroach moves out of view.
A giant cockroach is nearby!
A giant cockroach is nearby!
You hit the giant cockroach but do no damage.
The giant cockroach closely misses you. x2
You barely miss the giant cockroach.
You bite the giant cockroach, but do no damage.
The giant cockroach closely misses you.
You hit the giant cockroach. Your bite misses the giant cockroach.
The giant cockroach bites you but does no damage.
You hit the giant cockroach. The giant cockroach bites you.
The giant cockroach barely misses you.
You take 1 damage, and have 19/20 hp.
You hit the giant cockroach.
You kill the giant cockroach!
No target in view!
No target in view!
Terence the Incautious comes into view.
He is wielding a +0 trident and wearing a +3 scale mail of cold resistance.
Terence shouts!
You see here a giant cockroach corpse.
Health restored: 20 An endoplasm comes into view.
Terence hits you with a +0 trident.
You take 2 damage, and have 18/20 hp.
Unknown command.
The endoplasm quivers.
You hit Terence but do no damage. You bite Terence, but do no damage.
Terence hits you with a +0 trident.
You take 5 damage, and have 13/20 hp.
MASSIVE DAMAGE!!
You now have 3/4 mp.
You hit Terence. You bite Terence. You drain his power.
You feel invigorated. You block Terence's attack.
MP restored: 4 You barely miss Terence.
You bite Terence. You drain his power. Terence hits you with a +0 trident.
You take 4 damage, and have 10/20 hp.
You are too injured to fight recklessly!
Unknown command.
You are too injured to fight recklessly!
You are too injured to fight recklessly!
You are too injured to fight recklessly!
You hit Terence but do no damage. Terence closely misses you.
Terence hits you with a +0 trident.
You now have 3/4 mp.
You completely miss Terence. Terence barely misses you.
You hit Terence but do no damage. Terence hits you with a +0 trident!
* * * LOW HITPOINT WARNING * * *
The endoplasm freezes you.
You are frozen.
* * * LOW HITPOINT WARNING * * *
You closely miss Terence. Your bite misses Terence. The endoplasm freezes you.
You are frozen.
You die...

# #.# #.# # #.# #.#
#####.####.#
...........#####
...............#
#####.####.#.#.# #
#.##...#...# . #
#....#####†#####....
#
####...#....@@..$...
# ###.#.....J..?...
# #...#######.#?#
##### #


You could see Terence and an endoplasm.

Vanquished Creatures
  A gnoll (D:1)
  An adder (D:2)
  A bat (D:1)
  3 endoplasms (D:1)
  A giant cockroach (D:2)
  2 goblins (D:1)
  4 hobgoblins
  A ball python (D:1)
  A frilled lizard (D:1)
  A kobold (D:1)
  4 rats (D:1)
20 creatures vanquished.

Notes
Turn   | Place    | Note
-------+----------+-------------------------------------------
     0 | D:1      | OTABOTABOTAB the Vine Stalker Fighter began the quest for
                  | the Orb.
     0 | D:1      | Reached XP level 1. HP: 11/11 MP: 2/2
    57 | D:1      | Reached skill level 2 in Short Blades
   117 | D:1      | Reached XP level 2. HP: 16/16 MP: 3/3
   230 | D:1      | HP: 4/16 [gnoll/+0 spear (4)]
   235 | D:1      | HP: 4/16 [gnoll/+0 spear (1)]
   238 | D:1      | Reached XP level 3. HP: 4/19 MP: 2/4
   494 | D:1      | Found a faded altar of an unknown god.
   556 | D:2      | Reached skill level 3 in Fighting
   556 | D:2      | Reached skill level 3 in Shields
   634 | D:2      | Noticed Terence
   642 | D:2      | HP: 5/20 [Terence/+0 trident (6)]
   643 | D:2      | Frozen to death by an endoplasm

Illustrated notes

Levels and vault maps discovered:
D:1:      lemuel_arrival_funnel, layout_rooms,
          hellmonk_ecumenical_altar_heavens_door, hex_large
D:2:      kennysheep_six_static_rooms, layout_loops_ring, uniq_natasha,
          uniq_terence

Skill      XL: |  1  2  3 |
---------------+----------+-----
Short Blades   | 2 |  2.5
Fighting       | 3 |  3.0
Shields        | 3 |  3.0
Armour         | |  2.7

Action                   || total
-------------------------++-------
Melee: Rapier            ||    62
       Bite              ||    17
Armor: Scale mail        ||    23
Dodge: Dodged            ||    13
Block: Buckler           ||    15

Table legend: (Time is in decaauts)
 A = Elapsed time spent in this place.
 B = Non-inter-level travel time spent in this place.
 C = Inter-level travel time spent in this place.
 D = Time resting spent in this place.
 E = Time spent auto-exploring this place.
 F = Levels seen in this place.
 G = Mean time per level.
                   A        B        C        D        E       F      G
               +--------+--------+--------+--------+--------+-----+--------+
         Total |    650 |    622 |     28 |      0 |    493 |   2 |  325.0 |
       Dungeon |    650 |    622 |     28 |      0 |    493 |   2 |  325.0 |
               +--------+--------+--------+--------+--------+-----+--------+

Top non-repeatable levels by time:
     D:1: 554 daAuts
     D:2: 95 daAuts

Table legend:
 A = Kills in this place as a percentage of kills in entire the game.
 B = Kills by you in this place as a percentage of kills by you in the entire game.
 C = Kills by friends in this place as a percentage of kills by friends in the entire game.
 D = Other kills in this place as a percentage of other kills in the entire game.
 E = Experience gained in this place as a percentage of experience gained in the entire game.
 F = Experience gained in this place divided by the number of levels of this place that you have seen.
                   A       B       C       D       E      F
               +-------+-------+-------+-------+-------+----------------------
         Total | 100.0 | 100.0 |   N/A |   N/A | 100.0 |  28.5
       Dungeon | 100.0 | 100.0 |   N/A |   N/A | 100.0 |  28.5
               +-------+-------+-------+-------+-------+----------------------
